Map: New Repugnancy LE

Players

Xayad

  • Race: Protoss Protoss
  • League: Master
  • Spawn Location: 1:00

Mez - Winner!

  • Race: Terran Terran
  • League: Master
  • Spawn Location: 7:00

VOD

Have the link to the VOD?

Description

Time

  • Played on: Aug. 10, 2019, 12:41 p.m.
  • Length: 13:11
Show
View Real Time Build Order
Export as new Build Order

Xayad Protoss 

Build Orders: 1 Gate Expand, Zealot Archon, Archon Drop 

Get SALT Encoding   

  12  0:01  Probe  
  13  0:13  Probe  
  14  0:17  Pylon  
  14  0:23  Probe  
  15  0:31  Probe  
  16  0:38  Gateway  
  16  0:39  Probe  
  16  0:47  Assimilator  
  17  0:51  Probe  
  18  1:03  Probe  
  19  1:25  Nexus  
  19  1:37  Cybernetics Core, Probe  
  18  1:45  Probe  
  20  1:54  Probe, Pylon  
  21  2:03  Adept  
  21  2:04  Assimilator  
  21  2:06  Probe  
  24  2:15  Warp Gate  
  24  2:18  Probe  
  25  2:30  Probe, Twilight Council  
  26  2:38  Probe  
  26  2:42  Probe  
  28  2:45  Adept  
  28  2:46  Probe  
  31  2:57  Pylon  
  31  3:01  Gateway  
  31  3:03  Probe  
  32  3:08  Probe  
  33  3:15  Probe  
  33  3:16  Templar Archives  
  34  3:31  Probe  
  34  3:32  Probe  
  36  3:38  Robotics Facility  
  36  3:41  Gateway  
  36  3:43  Charge  
  36  3:48  Probe x2  
  38  3:57  Assimilator  
  38  4:00  Probe  
  38  4:02  Gateway  
  39  4:08  Pylon  
  39  4:11  Probe  
  39  4:12  Probe  
  41  4:22  Zealot, Adept  
  41  4:23  Probe  
  45  4:32  Probe, Observer  
  45  4:36  Probe  
  45  4:37  Assimilator  
  48  4:44  Probe  
  49  4:48  Probe  
  49  4:52  Zealot x3  
  52  4:56  Probe  
  52  4:59  Pylon  
  57  5:00  Probe  
  57  5:04  Immortal  
  62  5:16  Pylon  
  62  5:17  Probe  
  62  5:18  Pylon  
  63  5:23  High Templar x2  
  63  5:24  High Templar  
  63  5:27  Archon  
  69  5:30  Probe  
  69  5:33  Observer  
  70  5:43  High Templar  
  70  5:44  Nexus  
  70  5:46  Warp Prism, Pylon  
  70  5:49  Archon  
  74  5:59  Probe x2  
  74  6:00  Observer  
  76  6:05  Gateway  
  76  6:07  Observer, Gateway  
  76  6:11  Gateway x2  
  76  6:16  Probe x2  
  76  6:17  Gateway  
  78  6:28  Probe  
  78  6:33  Psionic Storm  
  78  6:38  Probe x2  
  76  6:42  Zealot x4  
  76  6:45  Immortal  
  76  6:46  Probe x2  
  82  6:53  Probe  
  88  6:55  Probe  
  90  7:08  High Templar x4  
  94  7:10  High Templar  
  94  7:12  Archon  
  94  7:15  Zealot x3  
  104  7:16  Zealot  
  108  7:33  Observer  
  109  7:39  Pylon  
  109  7:40  Assimilator x2, Pylon  
  109  7:42  Pylon  
  109  7:44  Robotics Bay  
  109  7:47  Stargate  
  109  7:51  Pylon  
  109  7:52  Pylon  
  109  7:53  Forge  
  109  7:55  Forge  
  109  7:56  Pylon  
  109  8:02  Zealot x3  
  109  8:03  Zealot x3  
  119  8:25  High Templar x3  
  119  8:26  Zealot x3  
  119  8:27  Zealot x2, High Templar  
  131  8:31  Archon  
  131  8:32  Archon  
  134  8:42  Protoss Ground Weapons Level 1  
  134  8:49  Protoss Ground Armor Level 1  
  132  9:04  Zealot x5  
  132  9:05  Zealot  
  144  9:45  Probe  
  144  9:46  Probe x2  
  141  9:57  Nexus  
  141  9:58  Probe x2  
  119  10:05  Zealot  
  119  10:06  Zealot x2  
  91  10:15  Zealot  
  91  10:16  Zealot x5  
  63  10:28  Probe x2  
  63  10:29  High Templar  
  63  10:30  High Templar x2  
  63  10:32  Probe  
  72  10:37  Probe x2  
  72  10:39  Pylon  
  72  10:41  High Templar x2, Pylon  
  72  10:42  High Templar x4  
  86  10:43  Pylon  
  86  10:44  Probe  
  86  10:45  Archon x2  
  86  10:46  Archon, Probe  
  88  10:56  Probe  
  83  11:04  Stalker x2  
  83  11:05  Stalker  
  86  11:25  Stalker x3  
  88  11:28  Immortal, Probe x3  
  87  11:36  Zealot  
  87  11:37  Zealot x5  
  103  11:40  Probe x3  
  106  11:52  Probe x3  
  103  12:02  Zealot x3  
  103  12:03  Zealot x5  
  103  12:04  Probe  
  103  12:07  Disruptor  
  117  12:12  High Templar  
  119  12:28  High Templar x2  
  119  12:29  High Templar x3  
  129  12:30  Zealot x3  
  129  12:33  Archon  
  129  12:34  Archon  
  83  13:00  Zealot  
  83  13:01  Zealot x6  
  83  13:04  Zealot x2  
Show
View Real Time Build Order
Export as new Build Order

Mez Terran - Winner!

Build Orders: Reaper Expand 

Get SALT Encoding   

  12  0:00  SCV  
  13  0:13  SCV  
  14  0:17  Supply Depot  
  14  0:25  SCV  
  15  0:39  SCV  
  15  0:41  Barracks  
  16  0:44  Refinery  
  16  0:51  SCV  
  17  1:03  SCV  
  18  1:16  SCV  
  19  1:31  Reaper, Orbital Command  
  20  1:45  Command Center  
  20  1:55  Bunker  
  20  1:59  SCV  
  21  2:05  Barracks Reactor  
  21  2:13  Supply Depot  
  21  2:14  SCV  
  22  2:26  SCV  
  23  2:42  Marine x2  
  25  2:46  Command Center  
  25  2:48  Factory  
  25  2:53  SCV  
  26  2:59  Orbital Command  
  26  3:05  Marine  
  27  3:06  Marine  
  27  3:08  SCV  
  29  3:12  Refinery  
  29  3:20  SCV  
  29  3:26  SCV  
  31  3:28  Marine  
  31  3:29  Marine  
  31  3:32  SCV  
  36  3:34  Widow Mine  
  36  3:35  Starport  
  36  3:38  SCV  
  37  3:44  SCV  
  38  3:50  SCV  
  38  3:51  Marine  
  38  3:52  Marine  
  41  3:56  SCV  
  41  3:57  Refinery  
  41  3:59  Widow Mine  
  41  4:02  SCV  
  45  4:03  Orbital Command  
  45  4:08  SCV  
  46  4:11  Marine x2  
  46  4:14  SCV  
  46  4:15  Starport Tech Lab  
  49  4:20  SCV  
  50  4:26  SCV  
  51  4:32  SCV, Factory Tech Lab  
  51  4:34  SCV  
  53  4:38  SCV  
  53  4:39  Supply Depot  
  53  4:40  Supply Depot  
  53  4:43  Raven, Marine x2  
  57  4:47  SCV x2  
  57  4:51  SCV  
  57  4:52  Barracks  
  60  5:01  Siege Tank  
  60  5:05  SCV x2, Supply Depot  
  60  5:06  Marine x2, Supply Depot  
  67  5:08  Barracks  
  67  5:12  SCV  
  68  5:17  SCV x2  
  68  5:20  Engineering Bay  
  70  5:21  Engineering Bay  
  70  5:24  SCV  
  71  5:29  SCV x2  
  71  5:33  Siege Tank  
  76  5:36  Refinery, Starport Reactor  
  76  5:37  SCV  
  76  5:41  SCV x2  
  79  5:48  Terran Infantry Armor Level 1, Terran Infantry Weapons Level 1, Supply Depot  
  79  5:49  Stimpack, Supply Depot  
  79  5:50  Marine x2  
  79  5:51  Marine  
  79  5:54  SCV x2, Orbital Command  
  84  5:58  Supply Depot  
  84  6:10  SCV  
  84  6:11  SCV, Barracks  
  86  6:12  Supply Depot  
  86  6:13  Combat Shield, Barracks  
  86  6:14  Marine  
  86  6:15  Marauder, Supply Depot  
  89  6:22  SCV  
  89  6:23  SCV  
  91  6:31  SCV  
  91  6:32  Medivac x2  
  96  6:37  Marine x2  
  96  6:38  Marauder x2  
  100  6:43  SCV x3  
  100  6:46  Factory Reactor  
  103  6:47  Refinery  
  103  7:03  Barracks Reactor, Barracks Tech Lab  
  103  7:05  Medivac, Supply Depot  
  103  7:06  Marine x2, Marauder x2, Medivac  
  113  7:08  SCV x2  
  113  7:10  SCV  
  113  7:11  Supply Depot x2  
  116  7:17  Supply Depot  
  116  7:18  Armory  
  116  7:21  Refinery  
  114  7:30  Marine  
  114  7:31  Marine, Marauder x3  
  114  7:32  SCV x2  
  124  7:43  Marine x2  
  126  7:44  Widow Mine x2  
  126  7:45  Medivac  
  126  7:48  Marine x2  
  134  7:52  Ghost Academy, Marauder x2  
  134  7:54  Marauder  
  140  7:59  Supply Depot x2  
  140  8:00  Supply Depot  
  140  8:07  Missile Turret  
  140  8:10  Terran Infantry Armor Level 2, Missile Turret, Terran Infantry Weapons Level 2  
  140  8:11  Marine x4  
  140  8:20  SCV x2  
  140  8:22  Missile Turret  
  142  8:29  Ghost x3  
  142  8:30  Marine x2  
  142  8:31  Marine x2  
  142  8:32  Widow Mine  
  142  8:33  Widow Mine  
  156  8:38  Supply Depot  
  156  8:42  Medivac x2  
  156  8:43  Supply Depot  
  160  8:55  Marine x3  
  162  8:58  Marauder x2  
  162  9:01  Liberator x2  
  166  9:06  Marine, Marauder  
  166  9:07  Widow Mine x2  
  163  9:13  Barracks  
  163  9:14  Barracks x2  
  163  9:17  Marine x2  
  163  9:20  Marauder x2  
  175  9:27  Marauder  
  177  9:35  Marine  
  177  9:36  Marine  
  179  9:41  Command Center, Marauder x2  
  183  9:54  Marine x2, Marauder  
  174  10:03  Marauder x2  
  169  10:14  Marine x4  
  143  10:16  Marauder, Barracks Tech Lab x3  
  137  10:24  Marauder x2  
  136  10:31  Marine  
  137  10:36  Marine x3, Marauder  
  137  10:37  Ghost x3  
  137  10:39  Widow Mine x2  
  137  10:40  Medivac x2  
  156  10:44  Ghost  
  156  10:45  Marine  
  156  10:49  Marine  
  160  10:58  Marine x4  
  160  10:59  Command Center  
  164  11:17  Ghost x2  
  170  11:18  Marauder  
  170  11:19  Marine, Marauder x2  
  175  11:26  Liberator  
  175  11:32  Refinery x2  
  169  11:41  Ghost x3  
  169  11:42  Marine x3, Marauder  
  183  11:48  Liberator  
  177  12:06  Marine x2, Marauder x2  
  177  12:07  Marauder  
  187  12:09  Liberator  
  187  12:10  Marauder  
  187  12:20  Planetary Fortress  
  187  12:22  Command Center, Orbital Command  
Tags
 
Add a new tag
Caveats
  • Supply blocks, unpowered buildings, or Contaminate may cause inaccurate times.
  • Supply counts are checked every 10 seconds.